Map: Orbital Shipyard

Players

Miszu - Winner!

  • Race: Terran Terran
  • League: Master

Bly

  • Race: Zerg Zerg
  • League: Master

VOD

Have the link to the VOD?

Description

Time

  • Played on: March 25, 2016, 2:31 p.m.
  • Length: 10:22
Show
View Real Time Build Order
Export as new Build Order

Miszu Terran - Winner!

Build Orders: Command Center First (CC), MMM Bio 

Get SALT Encoding   

  12  0:01  SCV  
  13  0:13  SCV  
  14  0:20  Supply Depot  
  14  0:25  SCV  
  15  0:41  SCV  
  16  0:53  SCV  
  17  1:00  Command Center  
  17  1:05  SCV  
  18  1:16  Barracks  
  18  1:18  SCV  
  19  1:21  Refinery  
  19  1:30  SCV  
  20  1:42  SCV  
  22  2:04  Orbital Command  
  22  2:06  Supply Depot  
  22  2:09  Marine  
  22  2:13  Orbital Command  
  22  2:20  Refinery  
  22  2:26  Marine  
  23  2:31  Factory, SCV  
  24  2:41  SCV  
  24  2:43  SCV  
  26  2:44  Marine  
  27  2:53  SCV  
  27  2:58  SCV  
  29  3:02  Marine  
  29  3:05  SCV  
  31  3:10  SCV  
  32  3:17  Starport, SCV  
  33  3:20  Command Center  
  33  3:21  Factory Tech Lab  
  33  3:22  SCV  
  34  3:29  SCV  
  34  3:34  Barracks Reactor, SCV  
  36  3:41  SCV  
  36  3:46  SCV  
  38  3:53  SCV  
  38  3:54  Barracks x2  
  39  3:58  Factory Tech Lab, SCV  
  40  4:02  Cloaking Field  
  40  4:03  Banshee  
  40  4:06  SCV  
  40  4:09  Supply Depot  
  44  4:10  SCV  
  44  4:12  Supply Depot  
  44  4:14  Refinery  
  44  4:15  Refinery  
  45  4:18  SCV  
  45  4:21  Engineering Bay  
  45  4:22  Engineering Bay  
  46  4:31  Marine x2, SCV x2  
  50  4:33  Orbital Command  
  50  4:42  Barracks Tech Lab x2  
  50  4:43  SCV x2  
  52  4:47  Banshee  
  52  4:48  Marine  
  56  4:53  Terran Infantry Weapons Level 1, Terran Infantry Armor Level 1  
  56  4:54  Marine  
  56  4:55  SCV, Orbital Command  
  56  4:59  Siege Tank  
  61  5:01  Marine x2  
  61  5:03  SCV  
  64  5:08  Supply Depot, Marine  
  64  5:09  Supply Depot  
  64  5:12  Stimpack  
  65  5:15  SCV  
  65  5:16  SCV  
  65  5:20  SCV  
  65  5:21  Marine x3  
  69  5:26  Marine  
  69  5:27  SCV  
  69  5:28  SCV  
  74  5:32  SCV  
  74  5:34  Supply Depot  
  75  5:38  Siege Tank  
  75  5:39  SCV  
  75  5:40  SCV  
  80  5:43  Starport Reactor  
  80  5:45  SCV  
  81  5:50  Marine x3  
  81  5:51  SCV  
  81  5:55  Barracks  
  81  5:56  Marine  
  86  5:57  Barracks  
  86  5:58  SCV x2, Armory  
  86  6:03  SCV  
  89  6:08  Marine x3  
  89  6:10  Siege Tank, SCV x2  
  97  6:14  Marine  
  97  6:15  SCV  
  99  6:20  Medivac  
  101  6:35  Combat Shields  
  101  6:41  Supply Depot x2  
  101  6:43  Supply Depot  
  101  6:44  Supply Depot  
  101  6:46  Supply Depot, Refinery, Marine x3  
  101  6:47  Supply Depot  
  101  6:48  Supply Depot  
  101  6:50  Barracks Tech Lab  
  101  6:51  Supply Depot  
  101  6:54  Terran Infantry Armor Level 2  
  101  6:56  Marine, Medivac x2  
  101  6:57  SCV x3  
  101  6:58  Terran Infantry Weapons Level 2  
  109  7:04  Marine  
  109  7:07  Missile Turret x2  
  110  7:09  SCV x2, Missile Turret  
  110  7:11  Marine x3, Marauder  
  110  7:14  Marine  
  118  7:22  Marine  
  119  7:26  Medivac  
  119  7:28  Supply Depot, Thor  
  119  7:29  Marine x3  
  130  7:32  Marine x2  
  132  7:39  Marine  
  132  7:41  Medivac  
  135  7:47  Marine x3  
  135  7:50  Marine x2, Barracks  
  140  7:51  Supply Depot  
  140  7:52  Supply Depot  
  140  7:53  Barracks  
  140  7:55  Barracks  
  140  7:57  Marine  
  141  8:01  Terran Vehicle Weapons Level 1  
  141  8:03  Medivac  
  141  8:04  Marine  
  141  8:05  Marine x2  
  145  8:08  Marine, Marauder  
  145  8:11  Medivac  
  147  8:15  Marine  
  148  8:22  Marine  
  148  8:23  Marine, Marauder  
  148  8:26  Marine  
  151  8:29  Marine  
  151  8:33  Marine  
  146  8:38  Medivac  
  146  8:40  Marine  
  141  8:41  Medivac, Marauder  
  141  8:43  Barracks Reactor  
  141  8:44  Barracks Reactor, Marine, Barracks Tech Lab, Marauder  
  141  8:46  Command Center  
  141  8:47  Marine  
  146  8:48  Siege Tank  
  146  8:51  Marine  
  150  8:58  Marine  
  150  9:02  Marine x2  
  142  9:05  Marine x2  
  142  9:07  Marauder  
  142  9:08  Marine, Medivac  
  149  9:12  Medivac  
  149  9:16  Marine  
  152  9:20  Siege Tank, Marine, Marauder x2  
  152  9:21  Marine x2  
  152  9:22  Marine  
  152  9:23  Marine  
  161  9:26  Marine  
  161  9:27  Marine  
  162  9:34  Marine  
  163  9:41  Marine x2, Marauder x2  
  163  9:44  Marine  
  159  9:46  Marauder  
  159  9:47  Marine  
  159  9:48  Marine x3  
  159  9:51  Marine  
  166  9:59  Marine x2  
  157  10:02  Marine x3  
Show
View Real Time Build Order
Export as new Build Order

Bly Zerg 

Build Orders: Hatch First, Muta Ling Bane 

Get SALT Encoding   

  12  0:01  Drone  
  13  0:13  Overlord  
  13  0:23  Drone  
  14  0:33  Drone x2  
  16  0:37  Drone  
  17  0:48  Drone  
  18  0:57  Hatchery  
  17  1:06  Drone  
  17  1:09  Extractor  
  17  1:14  Spawning Pool  
  17  1:17  Drone  
  17  1:21  Drone  
  18  1:37  Drone  
  19  1:42  Overlord  
  19  2:02  Zergling x4  
  19  2:03  Queen  
  23  2:08  Queen  
  23  2:10  Drone  
  23  2:14  Drone  
  27  2:16  Metabolic Boost  
  27  2:20  Drone  
  28  2:24  Drone  
  29  2:31  Drone  
  30  2:37  Drone  
  30  2:38  Queen  
  30  2:42  Overlord  
  33  2:45  Queen  
  35  2:54  Drone  
  36  3:03  Hatchery  
  36  3:05  Drone  
  36  3:06  Drone  
  36  3:10  Drone  
  38  3:17  Drone x2  
  38  3:18  Drone  
  38  3:19  Drone x2  
  43  3:24  Overlord  
  43  3:31  Overlord  
  42  3:35  Drone x2  
  43  3:43  Drone x2  
  43  3:48  Drone x4  
  48  3:53  Overlord  
  48  3:54  Overlord  
  49  3:55  Lair  
  49  4:00  Extractor, Drone x2  
  49  4:01  Extractor  
  49  4:05  Queen  
  51  4:11  Drone x3  
  54  4:17  Extractor  
  54  4:19  Drone x2  
  54  4:20  Drone x3  
  58  4:29  Drone x3  
  61  4:32  Overlord  
  61  4:33  Queen  
  63  4:39  Evolution Chamber x2  
  63  4:41  Drone x2  
  63  4:42  Drone  
  64  4:52  Drone x2  
  66  4:53  Drone x6  
  72  5:01  Overseer  
  72  5:02  Spire  
  72  5:05  Drone x3  
  74  5:08  Overseer  
  74  5:13  Zerg Melee Weapons Level 1  
  74  5:19  Zerg Ground Armor Level 1  
  74  5:21  Extractor  
  74  5:22  Extractor, Drone x2  
  74  5:23  Drone x4  
  78  5:34  Drone x6  
  78  5:35  Drone x4  
  88  5:43  Baneling Nest  
  87  5:59  Spore Crawler x2  
  87  6:00  Overseer  
  87  6:01  Spore Crawler  
  84  6:13  Zergling x10  
  84  6:14  Overlord x2, Zergling x2  
  84  6:15  Overlord  
  84  6:17  Overlord  
  89  6:20  Hatchery  
  85  6:32  Mutalisk x8  
  86  6:33  Overlord  
  100  6:42  Overlord x2  
  100  6:48  Mutalisk x4  
  107  7:06  Drone x7  
  114  7:09  Zerg Melee Weapons Level 2  
  114  7:11  Zerg Flyer Weapons Level 1  
  114  7:16  Zergling x2  
  114  7:17  Zergling x6  
  118  7:27  Hatchery  
  117  7:37  Zergling x14  
  117  7:38  Zergling x2, Baneling  
  117  7:39  Baneling x18  
  125  7:46  Zergling x2  
  125  7:47  Zergling x4  
  125  7:48  Overlord x2  
  128  7:51  Zerg Ground Armor Level 2  
  128  7:52  Hatchery  
  127  8:01  Zergling x2  
  127  8:02  Zergling x6  
  123  8:07  Zergling x4  
  125  8:12  Baneling  
  125  8:13  Zergling x2, Baneling x5  
  125  8:14  Zergling x8  
  125  8:16  Centrifical Hooks  
  128  8:26  Zergling x18  
  119  8:37  Zergling x4  
  119  8:38  Zergling x10  
  117  8:41  Baneling x10  
  117  8:43  Zergling x2  
  117  8:44  Zergling x12  
  120  8:51  Mutalisk x4  
  107  9:03  Zergling x6  
  107  9:04  Zergling x2  
  107  9:05  Baneling x11  
  107  9:06  Baneling  
  105  9:11  Zergling x6  
  105  9:15  Baneling x3  
  107  9:24  Zergling x14  
  107  9:26  Zergling x6  
  114  9:33  Baneling x7  
  114  9:34  Baneling x2  
  114  9:36  Zergling x6  
  111  9:49  Zergling x14  
  111  9:51  Baneling x6  
  96  10:03  Zergling x2  
  96  10:04  Zergling x10  
Tags
 
Add a new tag
Caveats
  • Supply blocks, unpowered buildings, or Contaminate may cause inaccurate times.
  • Supply counts are checked every 10 seconds.